Map: Acid Plant LE

Players

Clem

  • Race: Terran Terran
  • League: Grandmaster
  • Spawn Location: 5:00

Harstem - Winner!

  • Race: Protoss Protoss
  • League: Master
  • Spawn Location: 11:00

Event: HomeStory Cup XVII

VOD

Have the link to the VOD?

Description

Time

  • Played on: June 28, 2018, 11:13 a.m.
  • Length: 14:28

All games in this series

Show
View Real Time Build Order
Export as new Build Order

Clem Terran 

Build Orders: Gas First Reaper Expand, Reaper Expand, MMM Bio 

Get SALT Encoding   

  12  0:01  SCV  
  13  0:13  SCV  
  14  0:17  Supply Depot  
  14  0:25  SCV  
  15  0:31  Refinery  
  15  0:38  SCV  
  16  0:44  Barracks  
  16  0:50  SCV  
  17  1:03  SCV  
  18  1:15  SCV  
  19  1:32  Orbital Command, Reaper  
  20  1:43  Command Center  
  20  1:55  Factory  
  20  2:00  SCV  
  21  2:05  Refinery  
  21  2:09  Barracks Reactor  
  21  2:12  SCV  
  22  2:23  Supply Depot  
  22  2:24  SCV  
  23  2:43  SCV  
  23  2:55  SCV  
  23  2:57  Hellion x2  
  26  2:58  Orbital Command  
  28  3:03  Barracks Tech Lab  
  28  3:08  SCV  
  29  3:18  Cyclone x2  
  35  3:20  SCV  
  35  3:24  SCV  
  37  3:32  SCV  
  38  3:36  SCV  
  38  3:40  Supply Depot  
  39  3:44  SCV  
  39  3:49  SCV  
  39  3:51  Cyclone  
  39  3:52  Cyclone  
  39  3:53  Marine  
  46  3:57  SCV  
  46  4:01  SCV  
  45  4:04  Engineering Bay  
  45  4:09  SCV  
  46  4:13  SCV  
  47  4:19  Supply Depot  
  47  4:21  SCV  
  47  4:23  Cyclone  
  49  4:24  Cyclone  
  49  4:26  SCV  
  51  4:32  Missile Turret  
  51  4:34  SCV  
  51  4:35  Missile Turret  
  51  4:38  SCV  
  53  4:46  SCV  
  53  4:50  SCV  
  55  4:54  Command Center  
  55  4:58  SCV  
  56  5:02  Stimpack  
  56  5:03  Marine  
  56  5:04  SCV  
  58  5:09  Factory Tech Lab  
  58  5:10  SCV  
  58  5:12  Barracks  
  59  5:15  Barracks  
  59  5:18  SCV  
  59  5:21  Marine  
  60  5:22  Terran Infantry Weapons Level 1, SCV  
  60  5:26  Refinery, Supply Depot  
  62  5:34  Supply Depot, SCV x2  
  55  5:39  Marine  
  55  5:42  Bunker  
  56  5:44  Starport  
  56  5:45  Factory Reactor  
  56  5:46  SCV x2  
  58  5:56  Marine  
  58  5:58  SCV  
  58  6:01  Refinery, Marine x2  
  58  6:03  SCV  
  60  6:07  Orbital Command, Combat Shield  
  60  6:10  Marauder, SCV  
  60  6:14  Marine  
  60  6:17  SCV  
  62  6:19  Marine x2  
  62  6:22  SCV  
  65  6:27  Factory Reactor  
  65  6:29  Medivac x2  
  65  6:31  Marine  
  65  6:32  Marine  
  71  6:33  Orbital Command  
  71  6:36  Marine x2  
  71  6:38  SCV x2  
  74  6:49  Marauder  
  74  6:50  Marauder, SCV  
  75  6:54  Marine x2  
  75  6:55  SCV, Barracks  
  75  6:56  Barracks  
  75  6:59  Orbital Command  
  78  7:02  SCV  
  78  7:03  Medivac  
  78  7:04  Medivac  
  78  7:07  SCV  
  81  7:10  Supply Depot  
  81  7:11  Marauder  
  81  7:12  Marauder, Marine x2  
  81  7:14  SCV  
  87  7:16  Widow Mine x2  
  87  7:17  Concussive Shells  
  87  7:19  SCV  
  92  7:24  Supply Depot  
  92  7:25  Missile Turret, Supply Depot, SCV  
  93  7:31  Marine  
  93  7:32  Marauder, SCV  
  93  7:33  Marauder  
  93  7:36  Medivac  
  101  7:45  Medivac  
  101  7:46  Widow Mine x2, SCV x2  
  101  7:48  Supply Depot  
  109  7:55  Marine x2  
  109  7:56  Barracks Tech Lab, Barracks Reactor  
  109  7:57  Marauder  
  113  8:01  SCV x3  
  113  8:03  Terran Infantry Armor Level 1  
  116  8:09  Armory  
  116  8:10  Widow Mine x2  
  120  8:13  Engineering Bay  
  120  8:15  SCV x2  
  120  8:16  Medivac  
  124  8:21  Marine  
  124  8:25  Marine  
  125  8:29  SCV  
  125  8:32  Widow Mine x2  
  121  8:41  SCV x2, Marine x2  
  109  8:42  Marine  
  109  8:46  SCV  
  113  8:49  Medivac x2  
  113  8:50  Marauder x2, Marine x2  
  113  8:53  Widow Mine x2, SCV x2  
  113  8:54  Barracks  
  113  8:55  Barracks  
  121  9:01  Terran Infantry Weapons Level 2  
  121  9:02  Supply Depot x2  
  112  9:04  Marine x3  
  112  9:08  Marauder  
  117  9:10  SCV x2  
  117  9:12  Marauder  
  117  9:14  Refinery, Widow Mine  
  117  9:15  Refinery  
  123  9:19  Marine  
  123  9:22  Marine  
  123  9:23  Supply Depot, Marine  
  123  9:24  SCV  
  127  9:25  Supply Depot x2  
  127  9:28  Sensor Tower  
  127  9:30  Marine, Medivac  
  127  9:31  Widow Mine  
  132  9:37  Marine  
  133  9:42  Command Center  
  133  9:44  Marauder, Marine  
  136  9:50  Liberator  
  136  9:51  Widow Mine  
  138  9:55  Marauder x2, Widow Mine  
  138  9:58  Marine  
  139  10:06  Marauder  
  137  10:12  Widow Mine  
  137  10:13  Starport  
  142  10:16  Marauder x2  
  142  10:17  Widow Mine  
  142  10:18  Barracks Tech Lab, Barracks Reactor  
  142  10:21  Marine x4  
  145  10:26  Liberator  
  145  10:27  Marauder  
  139  10:36  Marauder, Widow Mine  
  139  10:37  Marauder x2  
  139  10:39  Marine  
  139  10:41  Marine x2  
  139  10:42  Marine  
  140  10:44  Widow Mine  
  140  10:48  Marauder  
  140  10:49  Terran Infantry Armor Level 2  
  147  10:56  Planetary Fortress, Marine  
  148  10:57  Marauder  
  148  10:59  Marauder x2, Marine x5  
  148  11:03  Refinery  
  159  11:06  Starport Tech Lab  
  159  11:07  Refinery  
  159  11:10  Marauder  
  160  11:13  Command Center  
  160  11:16  Marine  
  160  11:17  Marine x5  
  156  11:18  Widow Mine  
  156  11:19  Marauder  
  156  11:20  Marauder  
  156  11:21  Widow Mine  
  156  11:24  Missile Turret  
  161  11:28  Missile Turret  
  161  11:30  SCV  
  161  11:31  SCV  
  158  11:38  Marauder x2, Marine x3  
  163  11:40  Widow Mine  
  163  11:42  Widow Mine  
  163  11:44  Fusion Core  
  165  11:48  Terran Vehicle Weapons Level 1  
  165  11:51  Marauder, Marine x4  
  171  11:55  Medivac  
  171  11:58  Liberator  
  171  11:59  Marauder  
  174  12:01  Widow Mine  
  174  12:04  Widow Mine, SCV x2  
  174  12:05  SCV  
  174  12:07  Liberator, Marine  
  174  12:08  Marauder  
  175  12:09  SCV  
  170  12:19  SCV x2  
  170  12:20  SCV  
  170  12:21  SCV  
  165  12:24  Liberator  
  165  12:25  Widow Mine  
  165  12:28  Marauder, Marine  
  165  12:29  Marauder  
  169  12:31  SCV  
  169  12:33  Advanced Ballistics  
  170  12:37  Widow Mine  
  170  12:43  Marine  
  170  12:44  Marine x2  
  171  12:45  Marine x3  
  175  12:51  Supply Depot  
  175  12:53  Liberator x2  
  175  12:58  Marauder, Marine  
  169  13:01  Engineering Bay  
  168  13:18  Widow Mine x2  
  168  13:19  Marine  
  171  13:20  Command Center  
  171  13:22  Marauder  
  171  13:24  Marine, Medivac  
  168  13:47  Marauder  
  170  13:51  Marauder  
  166  13:57  Widow Mine  
  166  14:00  Marine  
  166  14:01  Marauder, Marine  
  169  14:04  Widow Mine  
  169  14:06  Marine  
Show
View Real Time Build Order
Export as new Build Order

Harstem Protoss - Winner!

Build Orders: 1 Gate Expand, Oracle Opening 

Get SALT Encoding   

  12  0:01  Probe  
  13  0:13  Probe  
  14  0:18  Pylon  
  14  0:24  Probe  
  15  0:33  Probe  
  15  0:37  Gateway  
  15  0:41  Probe  
  16  0:47  Assimilator  
  17  0:51  Probe  
  18  1:03  Probe  
  19  1:15  Probe  
  20  1:22  Nexus  
  20  1:31  Cybernetics Core  
  20  1:35  Probe  
  21  1:40  Assimilator  
  21  1:47  Probe  
  21  1:51  Pylon  
  22  1:59  Probe  
  22  2:00  Adept  
  23  2:11  Probe  
  23  2:14  Stargate  
  26  2:23  Probe  
  26  2:27  Adept  
  29  2:32  Warp Gate  
  29  2:34  Probe  
  29  2:36  Probe  
  30  2:47  Probe  
  30  2:48  Oracle, Probe  
  32  2:59  Probe  
  32  3:00  Probe  
  37  3:05  Adept  
  37  3:11  Probe, Pylon  
  37  3:12  Probe  
  41  3:23  Probe  
  41  3:24  Oracle, Probe  
  43  3:35  Probe  
  43  3:36  Probe  
  43  3:39  Gateway  
  48  3:44  Gateway  
  48  3:47  Probe  
  49  3:48  Probe  
  48  3:59  Probe  
  48  4:00  Probe  
  49  4:07  Probe, Pylon  
  49  4:08  Probe  
  49  4:15  Probe  
  49  4:16  Probe  
  51  4:24  Phoenix  
  53  4:25  Probe  
  53  4:26  Nexus  
  53  4:28  Pylon  
  53  4:29  Probe  
  53  4:31  Assimilator  
  55  4:34  Assimilator  
  57  4:43  Stalker x2  
  57  4:45  Probe  
  62  4:47  Stalker  
  62  4:48  Phoenix  
  62  4:51  Probe  
  62  4:52  Pylon  
  67  4:58  Forge  
  67  5:03  Twilight Council  
  67  5:04  Probe  
  68  5:12  Stalker  
  71  5:14  Stalker  
  71  5:16  Probe  
  71  5:19  Stalker  
  76  5:24  Probe, Pylon  
  76  5:33  Probe  
  76  5:34  Protoss Ground Weapons Level 1  
  75  5:36  Probe  
  75  5:38  Probe  
  75  5:42  Probe  
  76  5:50  Probe  
  77  5:58  Blink  
  77  6:00  Probe  
  77  6:01  Probe  
  77  6:04  Probe  
  77  6:08  Robotics Facility  
  77  6:10  Gateway x2  
  77  6:12  Probe, Gateway  
  77  6:13  Probe  
  77  6:14  Shield Battery, Sentry x2  
  77  6:16  Probe  
  84  6:25  Probe x2  
  86  6:28  Probe  
  86  6:29  Forge  
  86  6:32  Gateway x2  
  87  6:36  Assimilator, Pylon  
  87  6:37  Probe x2  
  87  6:39  Pylon  
  89  6:40  Probe  
  89  6:42  Assimilator  
  90  6:51  Sentry  
  90  6:52  Stalker x2  
  90  6:53  Immortal, Probe  
  97  6:55  Oracle  
  97  6:56  Robotics Bay  
  97  7:00  Pylon  
  95  7:07  Probe  
  103  7:09  Pylon  
  103  7:14  Shield Battery  
  97  7:18  Stalker x2, Sentry  
  104  7:26  Shield Battery  
  104  7:28  Shield Battery  
  103  7:30  Pylon  
  103  7:31  Stalker  
  103  7:36  Probe, Protoss Ground Weapons Level 2  
  104  7:41  Photon Cannon  
  104  7:43  Stalker x3  
  110  7:52  Disruptor  
  110  7:56  Stalker x3  
  110  8:04  Pylon  
  113  8:06  Pylon, Zealot x3  
  119  8:13  Probe  
  119  8:19  Charge  
  120  8:23  Disruptor  
  110  8:28  Stalker x4  
  116  8:38  Protoss Ground Armor Level 1  
  114  8:41  Probe  
  114  8:43  Zealot x2  
  114  8:44  Probe  
  114  8:47  Oracle  
  117  8:52  Pylon  
  113  8:58  Disruptor  
  113  8:59  Nexus  
  113  9:00  Pylon  
  111  9:03  Probe  
  111  9:05  Probe  
  111  9:07  Probe  
  116  9:11  Stalker x4  
  116  9:14  Pylon  
  124  9:21  Pylon  
  124  9:28  Pylon  
  124  9:29  Dark Shrine  
  124  9:33  Disruptor, Zealot x2  
  124  9:37  Probe  
  132  9:46  Stalker x3, Pylon  
  132  9:50  Pylon  
  138  10:00  Probe  
  138  10:02  Protoss Ground Weapons Level 3  
  138  10:03  Probe  
  138  10:04  Probe  
  133  10:07  Stalker x4  
  133  10:13  Disruptor  
  144  10:24  Assimilator  
  144  10:26  Pylon  
  144  10:28  Assimilator  
  144  10:35  Zealot x4  
  152  10:36  Zealot  
  152  10:40  Disruptor  
  147  10:43  Zealot x3  
  147  10:49  Probe  
  157  10:50  Probe  
  157  10:52  Probe x2  
  157  10:55  Photon Cannon  
  157  10:57  Shield Battery  
  160  10:59  Dark Templar x3  
  160  11:01  Probe  
  160  11:02  Probe  
  168  11:06  Zealot x5  
  168  11:10  Disruptor  
  170  11:29  Nexus  
  166  11:37  Zealot x2, Dark Templar x3  
  166  11:38  Zealot  
  174  11:40  Disruptor  
  174  11:42  Zealot x2  
  181  11:51  Probe, Protoss Ground Armor Level 2  
  178  12:06  Disruptor  
  169  12:12  Zealot x8  
  185  12:15  Probe  
  185  12:20  Fleet Beacon  
  173  12:24  Stargate  
  173  12:27  Pylon  
  173  12:31  Disruptor  
  173  12:32  Dark Templar x2  
  173  12:33  Zealot x4, Dark Templar  
  190  12:45  Probe x2  
  188  13:04  Dark Templar x4  
  188  13:05  Zealot x3  
  181  13:21  Stalker  
  181  13:25  Nexus  
  178  13:31  Oracle  
  178  13:33  Archon x2  
  179  13:34  Zealot x3  
  179  13:37  Zealot x3, Dark Templar  
  193  13:44  Zealot  
  186  14:04  Stalker x2  
  186  14:05  Stalker x5  
  192  14:11  Robotics Facility  
  176  14:28  Stalker x2  
Tags
 
Add a new tag
Caveats
  • Supply blocks, unpowered buildings, or Contaminate may cause inaccurate times.
  • Supply counts are checked every 10 seconds.